 Dungeon Crawl Stone Soup version 0.29.1-1-gd02db6906a (webtiles) character file.

Game seed: 2853484013324832262

75 Icepheonix32 the Caller (level 4, -1/30 HPs)
             Began as a Merfolk Summoner on Oct 6, 2022.
             Slain by a goblin
             ... wielding a +0 dagger
             ... led by Robin
              (2 damage)
             ... on level 2 of the Dungeon.
             The game lasted 00:03:36 (1806 turns).

Icepheonix32 the Caller (Merfolk Summoner)          Turns: 1806, Time: 00:03:37

Health: -1/30      AC:  2    Str:  8    XL:     4   Next: 31%
Magic:  6/7        EV: 12    Int: 16    God:
Gold:   64         SH:  0    Dex: 14    Spells: 1/7 levels left

rFire   . . .      SeeInvis .   c - +2 short sword (venom)
rCold   . . .      Faith    .   (no shield)
rNeg    . . .      Spirit   .   a - +0 robe
rPois   .          Reflect  .   (no helmet)
rElec   .          Harm     .   (no cloak)
rCorr   .          Rampage  .   (no gloves)
Will    .....                   (no boots)
Stlth   ++........              (no amulet)
HPRegen 0.10/turn               (no ring)
MPRegen 0.10/turn               (no ring)

@: no status effects
A: (nimble swimmer 2), mertail
a: no special abilities


You were on level 2 of the Dungeon.
You visited 1 branch of the dungeon, and saw 2 of its levels.

You collected 64 gold pieces.

Inventory:

Hand Weapons
 c - a +2 short sword of venom (weapon)
Missiles
 d - 5 boomerangs of dispersal
Armour
 a - a +0 robe (worn)
Jewellery
 g - a ring of ice
Scrolls
 e - 2 scrolls of teleportation
 h - a scroll of noise {unknown}
 i - a scroll of poison {unknown}
 k - a scroll of amnesia {unknown}
Potions
 b - a potion of magic
 j - a potion of attraction {unknown}


   Skills:
 - Level 2.6 Dodging
 - Level 2.1 Stealth
 - Level 2.0 Spellcasting
 + Level 5.7 Summonings


You had one spell level left.
You knew the following spells:

 Your Spells              Type           Power      Damage    Failure   Level
a - Summon Small Mammal   Summ           76%        N/A       1%          1
b - Call Imp              Summ           19%        N/A       3%          2
c - Call Canine Familiar  Summ           19%        N/A       6%          3

Your spell library contained the following spells:

 Spells                   Type           Power      Damage    Failure   Level
 Summon Guardian Golem    Hex/Summ       10%        N/A       19%         3
 Summon Lightning Spire   Summ/Air       10%        N/A       54%         4


Dungeon Overview and Level Annotations

Branches:
Dungeon (2/15)

Altars:

Shops:
D:1 !

Annotations:
D:2 Robin


Innate Abilities, Weirdness & Mutations

((You are very nimble when in or above water. (Stealth+, EV+, Speed+++)))
Your lower body shifts to a powerful aquatic tail in water.


Message History

Your hound barely misses the goblin.
The goblin closely misses you. The goblin closely misses your hound.
Your crimson imp blinks!
Unknown command.
You closely miss the goblin.
The goblin is heavily wounded.
You kill the goblin!
Your hound barely misses the goblin.
Robin roars a battlecry!
The goblin hits your hound with a +0 club.
Your hound bites the goblin.
The goblin dies!
Your crimson imp blinks!
Robin hits your hound with a +0 short sword.
The hobgoblin no longer looks unusually strong.
Your hound bites Robin.
Robin throws the goblin at you! The goblin closely misses you.
Your hound bites Robin but does no damage.
You barely miss the goblin.
Your hound bites Robin.
Robin throws the goblin at you!
* * * LOW HITPOINT WARNING * * *
The goblin barely misses you. x2; Your hound bites Robin.
The goblin attacks as you move away! The goblin hits you with a +0 club.
* * * LOW HITPOINT WARNING * * *
You puncture the goblin!
You kill the goblin!
Your hound misses the goblin.
Something throws the goblin at your hound!
The goblin hits you with a +0 dagger.
* * * LOW HITPOINT WARNING * * *
Your hound bites the goblin.
The goblin goes into a battle-frenzy!
The goblin barely misses you.
The goblin hits your hound but does no damage.
You hit the goblin.
The goblin is severely wounded.
Your hound bites the goblin.
The goblin dies!
The goblin hits you with a +0 dagger.
You die...

#.## #...........## ...
#.......###.# #..##gg...## .#
#.##.....####'## #####
#..g.............#....
###g##...........#.###
#)##...............†
#h#####.....##.#.#.. #)g@#
#.######.#.#..
###.###.######.#....
#.5.#.##.....#....
###.#.##.##..#.... .
#....#.##..#.... ..########
###..#..#..#.... .........#
#.......#(...... ..........#
#.#............#
######.........###.#.......##.#<)


You could see a goblin (strong, ally target), a friendly hound (summoned) and a
friendly crimson imp (summoned).

Vanquished Creatures
  Jessica (D:2)
  An adder (D:2)
  A ball python (D:1)
  A bat (D:1)
  2 endoplasms (D:2)
  3 giant cockroaches (D:1)
  2 goblins (D:2)
  4 hobgoblins
  2 kobolds (D:2)
  13 rats
30 creatures vanquished.

Vanquished Creatures (collateral kills)
  A dart slug (D:2)
  A bat (D:2)
  An endoplasm (D:1)
  A hobgoblin (D:2)
  A kobold (D:2)
  A ball python (D:1)
  3 goblins
9 creatures vanquished.

Grand Total: 39 creatures vanquished

Notes
Turn   | Place    | Note
-------+----------+-------------------------------------------
     0 | D:1      | Icepheonix32 the Merfolk Summoner began the quest for the
                  | Orb.
     0 | D:1      | Reached XP level 1. HP: 13/13 MP: 3/3
   193 | D:1      | Reached XP level 2. HP: 17/19 MP: 3/5
   209 | D:1      | Learned a level 2 spell: Call Imp
   623 | D:1      | Found Vukh's Distillery.
   995 | D:2      | Reached XP level 3. HP: 19/24 MP: 0/6
  1092 | D:2      | Reached skill level 5 in Summonings
  1325 | D:2      | Noticed Jessica
  1592 | D:1      | Learned a level 3 spell: Call Canine Familiar
  1598 | D:2      | Killed Jessica
  1599 | D:2      | Reached XP level 4. HP: 24/30 MP: 0/7
  1758 | D:2      | Noticed Robin
  1766 | D:2      | HP: 1/30 [goblin/+0 dagger[Robin] (3)]
  1805 | D:2      | HP: 1/30 [goblin/+0 dagger[Robin] (5)]
  1806 | D:2      | Slain by a goblin

Illustrated notes

Levels and vault maps discovered:
D:1:      dpeg_arrival_windows_large_door, layout_basic, serial_shops,
          nicolae_shop_trees, glass_columns_b, minmay_rat_gold_closets
D:2:      layout_basic, serial_shops, shop, st_stairs_3, hex_large, uniq_robin,
          uniq_jessica

Skill      XL: |  1  2  3 |
---------------+----------+-----
Summonings     | 5 |  5.7
Dodging        | |  2.6
Stealth        | |  2.1
Spellcasting   | |  2.0

Action                   |  1- 3 |  4- 6 || total
-------------------------+-------+-------++-------
Melee: Short sword       |    54 |    14 ||    68
       Unarmed           |     6 |       ||     6
       Punch             |     1 |       ||     1
 Cast: Summon Small Mamm |     7 |       ||     7
       Call Imp          |     8 |     1 ||     9
       Call Canine Famil |     1 |     1 ||     2
  Use: Scroll            |       |     1 ||     1
       Potion            |       |     1 ||     1
 Stab: Sleeping          |     4 |       ||     4
Armor: Robe              |     6 |     1 ||     7
Dodge: Dodged            |    32 |    24 ||    56
